Map: Ruby Rock LE

Players

HoldTheDoor

  • Race: Protoss Protoss
  • League: Diamond
  • Spawn Location: 11:00

Glokta - Winner!

  • Race: Terran Terran
  • Spawn Location: 5:00

VOD

Have the link to the VOD?

Description

Time

  • Played on: May 19, 2026, 12:06 p.m.
  • Length: 5:11
Show
View Real Time Build Order
Export as new Build Order

HoldTheDoor Protoss 

Build Orders: 1 Gate Expand 

Get SALT Encoding   

  12  0:00  Probe  
  13  0:13  Probe  
  14  0:17  Pylon  
  14  0:24  Probe  
  15  0:32  Probe  
  15  0:38  Gateway  
  15  0:40  Probe  
  17  0:50  Assimilator  
  17  0:52  Probe  
  18  1:04  Probe  
  19  1:16  Probe  
  20  1:26  Nexus  
  20  1:35  Cybernetics Core  
  20  1:38  Probe  
  21  1:43  Assimilator  
  21  1:50  Probe  
  22  1:56  Pylon  
  22  2:02  Probe  
  22  2:05  Adept  
  23  2:12  Shield Battery  
  25  2:18  Warp Gate  
  25  2:19  Probe  
  26  2:31  Probe  
  27  2:42  Sentry  
  29  2:44  Probe  
  29  2:48  Probe  
  31  2:56  Probe  
  32  2:59  Shield Battery  
  32  3:00  Probe  
  33  3:08  Probe  
  33  3:12  Probe  
  35  3:20  Stalker, Probe  
  35  3:24  Probe  
  39  3:30  Pylon  
  39  3:32  Probe  
  40  3:36  Probe  
  41  3:45  Probe, Robotics Facility  
  42  3:50  Gateway  
  42  3:54  Gateway  
  42  3:58  Probe x2, Pylon  
  42  4:02  Assimilator  
  44  4:05  Zealot  
  46  4:12  Pylon  
  46  4:18  Twilight Council, Probe  
  46  4:19  Probe  
  46  4:22  Immortal  
  48  4:30  Probe  
  53  4:38  Zealot  
  53  4:39  Gateway  
  53  4:41  Probe  
  53  4:43  Probe  
  57  4:46  Zealot  
  57  4:49  Zealot  
  61  4:58  Templar Archives  
  61  5:01  Gateway  
Show
View Real Time Build Order
Export as new Build Order

Glokta Terran - Winner!

Build Orders: Liberator Opening 

Get SALT Encoding   

  12  0:00  SCV  
  13  0:12  SCV  
  14  0:17  Supply Depot  
  14  0:24  SCV  
  15  0:38  SCV  
  15  0:39  Barracks  
  16  0:44  Refinery  
  16  0:51  SCV  
  16  0:53  Refinery  
  17  1:03  SCV  
  18  1:11  Supply Depot  
  18  1:21  SCV  
  19  1:26  Reaper  
  20  1:33  Orbital Command  
  20  1:45  Factory  
  20  1:56  Barracks  
  20  2:05  SCV  
  20  2:06  Barracks Reactor  
  21  2:18  SCV  
  22  2:30  SCV  
  23  2:41  Factory Tech Lab  
  23  2:44  Marine x2  
  23  2:46  Marine  
  23  2:49  Starport  
  26  2:52  SCV  
  26  2:53  Supply Depot  
  27  3:01  Cyclone  
  27  3:02  Marine  
  31  3:09  Supply Depot  
  31  3:14  Marine x2, SCV  
  34  3:25  Medivac  
  37  3:30  Supply Depot  
  37  3:32  Marine x2  
  38  3:41  Siege Tank, Marine  
  42  3:49  Marine  
  42  3:50  Marine  
  44  3:59  Marine, Liberator  
  48  4:07  Supply Depot, Marine x2  
  50  4:16  Marine  
  50  4:21  Siege Tank  
  54  4:25  Marine  
  54  4:28  Marine  
  54  4:30  Supply Depot  
  56  4:34  Marine  
  57  4:43  Marine  
  60  4:46  Marine  
  60  4:52  Marine  
Tags
 
Add a new tag
Caveats
  • Supply blocks, unpowered buildings, or Contaminate may cause inaccurate times.
  • Supply counts are checked every 10 seconds.